 Dungeon Crawl Stone Soup version 0.32-a0-779-g362cfcae2a (webtiles) character file.

Game seed: 7226551069670101484

190 miscthings the Slasher (level 5, -1/38 HPs)
             Began as a Coglin Gladiator on Mar 19, 2024.
             Shot with an arrow by a centaur (10 damage)
             ... on level 6 of the Dungeon.
             The game lasted 00:02:37 (1132 turns).

miscthings the Slasher (Coglin Gladiator)           Turns: 1132, Time: 00:02:37

Health: -1/38      AC:  5    Str: 16    XL:     5   Next: 69%
Magic:  5/5        EV: 11    Int:  8    God:
Gold:   78         SH:  0    Dex: 15    Spells: 4/4 levels left

rFire   . . .        a - +0 long sword {Balvinder}
rCold   . . .        f - +0 dagger {Hua}
rNeg    . . .        b - +0 leather armour
rPois   .            n - +1 helmet
rElec   .            (no cloak)
rCorr   .            (no gloves)
SInv    .            (no boots)
Will    .....        (amulet unavailable)
Stlth   +            (ring unavailable)
HPRegen 0.26/turn    (ring unavailable)
MPRegen 0.09/turn    (no gizmo)

%: no passive effects
@: revving
A: off-hand wielding, slow wielding, warmup strikes, no jewellery
a: Invent Gizmo


You were on level 6 of the Dungeon.
You visited 1 branch of the dungeon, and saw 4 of its levels.

You collected 78 gold pieces.

Inventory:

Hand Weapons
 a - a +0 long sword (weapon) {Balvinder}
 f - a +0 dagger (offhand) {Hua}
 t - a +0 great sword
Missiles
 d - 3 throwing nets (quivered)
 e - a javelin
 l - 4 darts of dispersal
Armour
 b - a +0 leather armour (worn)
 c - a +0 helmet
 n - a +1 helmet (worn)
Scrolls
 k - 2 scrolls of identify {@r1}
 v - a scroll of fear
Potions
 h - a potion of heal wounds {unknown}
 i - 4 potions of curing
 m - a potion of might {unknown}
 p - a potion of mutation {unknown}
 r - a potion of haste {unknown}
 s - a potion of enlightenment {unknown}
 u - a potion of magic {unknown}


   Skills:
 - Level 2.0 Fighting
 + Level 6.2 Long Blades
 - Level 1.7 Throwing
 - Level 2.6 Dodging


You had 4 spell levels left.
You didn't know any spells.
Your spell library was empty.

Dungeon Overview and Level Annotations

Branches:
Dungeon (3/15)

Altars:

Annotations:
D:2 Sigmund


Innate Abilities, Weirdness & Mutations

You can wield a second weapon in your off-hand.
It takes a long time for you to wield or remove held weapons.
Your first few attacks do less damage.
You cannot equip rings or amulets.


Message History

You hit the wight but do no damage.
The wight is moderately damaged.
You catch the helpless wight completely off-guard!
You slash the wight with your +0 long sword!
The wight closely misses you.
You hit the wight with your +0 long sword.
You destroy the wight!
The wight barely misses you.
Your life force feels restored.
You have reached level 5!
You barely miss the wight with your +0 long sword.
You hit the wight with your +0 dagger.
The wight hits you with a +4 dire flail!
* * * LOW HITPOINT WARNING * * *
You feel drained.
You closely miss the wight with your +0 long sword.
The wight is lightly damaged.
You closely miss the wight with your +0 dagger.
The wight hits you with a +4 dire flail.
* * * LOW HITPOINT WARNING * * *
You catch the helpless wight completely off-guard!
You hit the wight with your +0 long sword.
The wight is heavily damaged.
You strike the helpless wight from behind!
You puncture the wight with your +0 dagger!
You destroy the wight!
You flicker for a moment.
Your life force feels restored.
Your Long Blades skill increases to level 6!
A centaur comes into view.
Things that are here:
a +4 dire flail; a +0 robe The centaur moves out of view.
Things that are here:
a +2 flail; a +0 robe You flicker back into view.
The centaur shouts!
The centaur wields a +0 orcbow.
The centaur shoots an arrow.
The arrow hits you!
You die...

##### #.).#####
#...)...#
#.@######
#.......#
#..#####.~.
#...§....~.
........§§...~.
#...c...#####≈#
###.#....
...#.....
....#.....


You could see a centaur.

Vanquished Creatures
  3 wights (D:6)
  2 dart slugs (D:1)
  A ribbon worm (D:2)
  3 bats
  4 endoplasms
  3 goblins
  2 hobgoblins
  4 quokkas
  6 ball pythons
  3 kobolds (D:1)
  A rat (D:2)
32 creatures vanquished.

Notes
Turn   | Place    | Note
-------+----------+-------------------------------------------
     0 | D:1      | miscthings the Coglin Gladiator began the quest for the
                  | Orb.
     0 | D:1      | Reached XP level 1. HP: 16/16 MP: 1/1
    99 | D:1      | Reached XP level 2. HP: 22/22 MP: 2/2
   267 | D:1      | Reached skill level 4 in Long Blades
   485 | D:1      | Reached XP level 3. HP: 13/27 MP: 3/3
   847 | D:2      | Noticed Sigmund
  1095 | D:3      | You fall into a shaft and drop 3 floors!
  1100 | D:6      | Noticed a wight
  1101 | D:6      | Noticed a wight
  1118 | D:6      | Killed a wight
  1119 | D:6      | Reached skill level 5 in Long Blades
  1119 | D:6      | Reached XP level 4. HP: 18/33 MP: 4/4
  1125 | D:6      | Reached XP level 5. HP: 18/38 MP: 5/5
  1128 | D:6      | Reached skill level 6 in Long Blades
  1129 | D:6      | Noticed a centaur
  1132 | D:6      | Shot with an arrow by a centaur

Illustrated notes

Levels and vault maps discovered:
D:1:      shiori_arrival_whats_in_store_for_you, layout_loops_ring,
          minmay_misc_feat_ornament, minmay_close_crescents
D:2:      layout_loops_ring, basic_altar, uniq_sigmund
D:3:      kennysheep_six_static_rooms, layout_basic, serial_aquarium,
          aquarium_bridge_square [aquarium_subvault_bridge,
          aquarium_subvault_wall, aquarium_subvault_bridge,
          aquarium_subvault_window], aquarium_window_1,
          aquarium_window_corridor_1, aquarium_view_2a, aquarium_view_2c,
          aquarium_pool_2, minmay_misc_feat_nine_boxes, st_stairs_13
D:6:      layout_basic, nicolae_ashenzari_skybound,
          hangedman_abyss_or_decor_passed, minivault_23,
          chequers_serial_rivers_micro_a, minmay_misc_feat_iff, minivault_4,
          roderic_cross_of_infinity, kennysheep_small_circle

Skill      XL: |  1  2  3  4  5 |
---------------+----------------+-----
Long Blades    | 4 5 6 |  6.2
Fighting       | |  2.0
Throwing       | |  1.7
Dodging        | |  2.6

Action                     |  1- 3 |  4- 6 || total
---------------------------+-------+-------++-------
  Melee: Long sword        |    69 |     7 ||    76
         Dagger            |    57 |     6 ||    63
    Use: Scroll            |     4 |       ||     4
         Potion            |     3 |       ||     3
   Stab: Invisible         |     3 |     4 ||     7
         Sleeping          |     1 |       ||     1
 Armour: Leather armour    |    56 |     4 ||    60
  Dodge: Dodged            |    43 |     5 ||    48

Table legend: (Time is in decaauts)
 A = Elapsed time spent in this place.
 B = Non-inter-level travel time spent in this place.
 C = Inter-level travel time spent in this place.
 D = Time resting spent in this place.
 E = Time spent auto-exploring this place.
 F = Levels seen in this place.
 G = Mean time per level.
                   A        B        C        D        E       F      G
               +--------+--------+--------+--------+--------+-----+--------+
         Total |   1134 |   1075 |     59 |      4 |    741 |   4 |  283.5 |
       Dungeon |   1134 |   1075 |     59 |      4 |    741 |   4 |  283.5 |
               +--------+--------+--------+--------+--------+-----+--------+

Top non-repeatable levels by time:
     D:1: 687 daAuts
     D:3: 218 daAuts
     D:2: 192 daAuts
     D:6: 36 daAuts
